 Dungeon Crawl Stone Soup version 0.19-a0-1008-g4c63d25 (webtiles) character file.

228 towersofbeng the Skirmisher (level 5, -9/47 HPs)
             Began as a Minotaur Monk on July 21, 2016.
             Mangled by Menkaure (11 damage)
             ... on level 4 of the Dungeon.
             The game lasted 00:09:02 (3154 turns).

towersofbeng the Skirmisher (Minotaur Monk)         Turns: 3154, Time: 00:09:02

Health: -9/47      AC: 11    Str: 17    XL:     5   Next: 71%
Magic:  4/4        EV:  8    Int: 12    God:
Gold:   140        SH:  0    Dex: 12    Spells: 0 memorised, 4 levels left

rFire  . . .     SeeInvis .     a - +0 falchion
rCold  . . .     Gourm    .     d - +0 chain mail
rNeg   . . .     Faith    .     (no shield)
rPois  .         Spirit   .     (helmet restricted)
rElec  .         Dismiss  .     q - +0 cloak
rCorr  .         Reflect  .     (no gloves)
SustAt .         Harm     .     n - +0 pair of boots
MR     .....                    (no amulet)
Stlth  ..........               (no ring)
                                l - +5 ring of intelligence

@: not resistant to hostile enchantments, extremely unstealthy
A: retaliatory headbutt, horns 2
a: no special abilities


You were on level 4 of the Dungeon.
You were not hungry.

You visited 1 branch of the dungeon, and saw 4 of its levels.

You collected 140 gold pieces.

Inventory:

Hand Weapons
 a - a +0 falchion (weapon)
 h - a +3 hand axe
 w - a +0 flail of holy wrath
Armour
 b - a +0 robe
 d - a +0 chain mail (worn)
 j - a +0 robe of magic resistance
 n - a +0 pair of boots (worn)
 q - a +0 cloak (worn)
 z - a +0 plate armour
Jewellery
 l - a +5 ring of intelligence (left hand)
 s - a cursed ring of teleportation {unknown}
Wands
 x - a wand of flame (23/48)
Scrolls
 e - 4 scrolls of teleportation
 i - 4 scrolls of identify
 p - 2 scrolls of noise {unknown}
 v - a scroll of random uselessness {unknown}
 y - a scroll of immolation {unknown}
Potions
 g - a potion of might {unknown}
 k - a potion of degeneration {unknown}
 m - a potion of resistance {unknown}
 o - a potion of brilliance {unknown}
 t - a potion of curing {unknown}
Comestibles
 c - 3 bread rations
 f - a slice of pizza
 u - a beef jerky


   Skills:
 + Level 4.7 Fighting
 + Level 4.4 Long Blades
 - Level 0.2(0.5) Axes
 * Level 0.5(0.6) Maces & Flails
 * Level 3.7 Armour
 - Level 4.4 Dodging
 - Level 1.8 Stealth


You had 4 spell levels left.
You didn't know any spells.

Dungeon Overview and Level Annotations

Branches:
Dungeon (4/15)
 Temple: D:4-7

Altars:
Kikubaaqudgha
Pakellas

Annotations:
D:4 Menkaure


Innate Abilities, Weirdness & Mutations

You reflexively headbutt those who attack you in melee.
You have a pair of horns on your head.


Message History

Menkaure is lightly damaged.
Menkaure closely misses you.
You riposte.
You hit Menkaure but do no damage.
Menkaure is lightly damaged.
Menkaure calls on the powers of darkness!
Your body is wracked with pain!
You hit Menkaure.
Menkaure is lightly damaged.
Menkaure sighs in an indecipherable tongue.
Menkaure calls on the powers of darkness!
Your body is wracked with pain!
* * * LOW HITPOINT WARNING * * *
You hit Menkaure. You headbutt Menkaure.
Menkaure is heavily damaged.
Menkaure hits you!
* * * LOW HITPOINT WARNING * * *
You hit Menkaure.
Menkaure is severely damaged.
Menkaure murmurs in an indecipherable tongue.
Menkaure hits you!
You die...

.# #.# ### #.#
...######.#
#....>#.### ...
#.........###.#
#.###..............
#.....###......(#.#
#.#.#@# ###..##.#.#
# #M# #..##.#.#
.?#####..##.#.####
#.................#
#..######....#<##.#
#.## #.####.##.# ..
#.# #.##.. ?. #.#
#.#### #.# #.#


You could see Menkaure.

Vanquished Creatures
  An orc wizard (D:3)
  Ijyb (D:2)
  Robin (D:2)
  7 adders
  2 worms (D:3)
  2 dart slugs (D:1)
  3 giant geckos (D:2)
  6 orcs (D:3)
  9 bats
  2 giant cockroaches
  16 goblins
  11 hobgoblins
  5 jackals (D:1)
  2 kobolds
  2 ball pythons (D:2)
  6 giant newts
  4 rats
80 creatures vanquished.

Vanquished Creatures (others)
  A troll (D:2)
1 creature vanquished.

Grand Total: 81 creatures vanquished

Notes
Turn   | Place    | Note
-------+----------+-------------------------------------------
     0 | D:1      | towersofbeng the Minotaur Monk began the quest for the Orb.
     0 | D:1      | Reached XP level 1. HP: 19/19 MP: 0/0
   191 | D:1      | Reached XP level 2. HP: 14/27 MP: 1/1
   798 | D:1      | Reached XP level 3. HP: 32/33 MP: 2/2
  1108 | D:2      | Reached skill level 1 in Armour
  1129 | D:2      | Noticed Ijyb
  1157 | D:2      | Killed Ijyb
  1157 | D:2      | Reached XP level 4. HP: 30/40 MP: 3/3
  1942 | D:2      | Found an oddly glowing altar of Pakellas.
  1942 | D:2      | Noticed a troll
  1952 | D:2      | Killed a troll
  1953 | D:2      | Noticed a toenail golem
  2045 | D:2      | Noticed Robin
  2052 | D:2      | Killed Robin
  2052 | D:2      | Reached XP level 5. HP: 41/47 MP: 4/4
  2199 | D:2      | Found an ancient bone altar of Kikubaaqudgha.
  3148 | D:4      | Noticed Menkaure
  3153 | D:4      | HP: 1/47 [Menkaure (13)]
  3154 | D:4      | Mangled by Menkaure

Vault maps used:
D:1:      shiori_arrival_maze
D:2:      kennysheep_the_goblin_king, lemuel_coloured_pillars_altar,
          gammafunk_pakellas_its_alive, uniq_robin
D:3:      first_bread
D:4:      minmay_diamond_boxcup, serial_shops, shop, kennysheep_mini,
          uniq_menkaure, uniq_pikel

Skill      XL: |  1  2  3  4  5 |
---------------+----------------+-----
Fighting       | 4 |  4.7
Dodging        | 4 |  4.4
Armour         | 1 2 3 |  3.7
Long Blades    | 4 |  4.4
Axes           | |  0.2
Maces & Flails | |  0.5
Stealth        | |  1.8

Action                   |  1- 3 |  4- 6 || total
-------------------------+-------+-------++-------
Melee: Falchion          |   118 |   150 ||   268
       Headbutt          |    15 |    24 ||    39
  Use: Scroll            |     2 |     1 ||     3
  Eat: Chunk             |     1 |     6 ||     7
Armor: Chain mail        |    82 |    76 ||   158
       Robe              |     1 |       ||     1
Dodge: Dodged            |    54 |    55 ||   109
